[ AOE2 MATCH · #464664099 ]
UnrankedPersians vs Vietnamese
[ REPLAY ANALYSIS · EXTRACTED FROM THE RECORDED GAME ]
Feudal
11:12
Castle
14:36
Imperial
27:34
| APM avg | 36.4 |
| APM peak | 63 |
| eAPM avg | 26.1 |
| Villagers / military | 219 / 43 |
Focus
⚔️ 19.9% · 🌾 80.1%
Hand Cannoneer ×24 · Skirmisher ×10 · Knight ×9
Feudal
10:56
Castle
14:33
Imperial
28:06
| APM avg | 43.3 |
| APM peak | 82 |
| eAPM avg | 16.6 |
| Villagers / military | 78 / 7 |
Focus
⚔️ 16.6% · 🌾 83.4%
Hussite Wagon ×3 · Mangonel ×2 · Trebuchet (Packed) ×2
Feudal
10:58
Castle
14:28
Imperial
—
| APM avg | 57.0 |
| APM peak | 125 |
| eAPM avg | 29.8 |
| Villagers / military | 140 / 32 |
Focus
⚔️ 26.2% · 🌾 73.8%
Spearman ×15 · Battering Ram ×7 · Scorpion ×6 · Mangonel ×4
Feudal
10:59
Castle
14:32
Imperial
19:12
| APM avg | 63.6 |
| APM peak | 117 |
| eAPM avg | 34.3 |
| Villagers / military | 29 / 15 |
Focus
⚔️ 41.3% · 🌾 58.7%
Monk ×13 · Mangonel ×2
Feudal
11:46
Castle
15:21
Imperial
—
| APM avg | 56.0 |
| APM peak | 116 |
| eAPM avg | 28.4 |
| Villagers / military | 124 / 4 |
Focus
⚔️ 37.8% · 🌾 62.2%
Unknown (1968) ×51 · Petard ×4
Feudal
10:06
Castle
13:38
Imperial
26:13
| APM avg | 43.9 |
| APM peak | 73 |
| eAPM avg | 24.6 |
| Villagers / military | 145 / 67 |
Focus
⚔️ 29.7% · 🌾 70.3%
Spearman ×57 · Bombard Cannon ×7 · Monk ×3
Feudal
8:54
Castle
19:11
Imperial
—
| APM avg | 41.3 |
| APM peak | 77 |
| eAPM avg | 21.4 |
| Villagers / military | 112 / 78 |
Focus
⚔️ 36.6% · 🌾 63.4%
Knight ×66 · Battering Ram ×10 · Scout Cavalry ×2
Feudal
9:31
Castle
19:56
Imperial
—
| APM avg | 29.2 |
| APM peak | 74 |
| eAPM avg | 17.5 |
| Villagers / military | 104 / 105 |
Focus
⚔️ 29.1% · 🌾 70.9%
Spearman ×84 · Serjeant ×21
Match map
Initial resources + every placement click. Lines = walls · curves = elevation contours. ◆ gold · ⬟ stone · ● berries · ✦ relic · ◌ wall gap
Your base· ✓ Closed at 14:36 · 0t walls · 3 gate(s)
Asking's base· ✓ Closed at 14:33 · 0t walls · 2 gate(s)
MrDJM's base· ✓ Closed at 14:28 · 0t walls · 2 gate(s)
Donnie Darko's base· ✓ Closed at 14:32 · 0t walls · 3 gate(s)
Simvall's base· ✓ Closed at 15:21 · 0t walls · 3 gate(s)
RoR | Vodka_L_'s base· ✓ Closed at 13:38 · 0t walls · 2 gate(s)
Kokin95's base· ✓ Closed at 19:11 · 0t walls · 2 gate(s)
Dott_Berlu's base· ✓ Closed at 19:56 · 0t walls · 3 gate(s)
Smoothed initial terrain · ◌ = detected wall gap · hover for details
Inputs per minute
— dapao - - Asking
Build order — dapao
First 150 of 429 actions detected
| 0:01 | Create | Villager (Male) |
| 0:01 | Create | Villager (Male) |
| 0:02 | Build | House |
| 0:05 | Build | House |
| 0:10 | Create | Villager (Male) |
| 0:10 | Create | Villager (Male) |
| 0:10 | Create | Villager (Male) |
| 1:21 | Create | Villager (Male) |
| 1:41 | Build | Lumber Camp |
| 1:46 | Create | Villager (Male) |
| 1:46 | Create | Villager (Male) |
| 2:23 | Create | Villager (Male) |
| 2:24 | Create | Villager (Male) |
| 2:31 | Create | Villager (Male) |
| 3:35 | Create | Villager (Male) |
| 3:35 | Create | Villager (Male) |
| 3:42 | Create | Villager (Male) |
| 3:43 | Create | Villager (Male) |
| 3:59 | Create | Villager (Male) |
| 3:59 | Create | Villager (Male) |
| 4:08 | Build | House |
| 4:12 | Research | Loom |
| 4:17 | Create | Villager (Male) |
| 4:19 | Create | Villager (Male) |
| 4:40 | Build | Mill |
| 5:01 | Create | Villager (Male) |
| 5:02 | Create | Villager (Male) |
| 5:25 | Create | Villager (Male) |
| 5:25 | Create | Villager (Male) |
| 5:26 | Create | Villager (Male) |
| 5:31 | Create | Villager (Male) |
| 5:44 | Build | House |
| 5:45 | Create | Villager (Male) |
| 5:45 | Create | Villager (Male) |
| 5:57 | Create | Villager (Male) |
| 5:58 | Create | Villager (Male) |
| 6:30 | Create | Villager (Male) |
| 6:32 | Create | Villager (Male) |
| 6:32 | Create | Villager (Male) |
| 6:41 | Build | Farm |
| 6:43 | Build | Farm |
| 7:00 | Build | Farm |
| 7:44 | Create | Villager (Male) |
| 7:47 | Build | Farm |
| 7:54 | Create | Villager (Male) |
| 7:58 | Build | House |
| 8:02 | Research | Feudal Age |
| 8:39 | Build | Mining Camp |
| 8:45 | Create | Villager (Male) |
| 8:47 | Research | Feudal Age |
| 9:22 | Build | Farm |
| 10:26 | Build | Farm |
| 11:12 | Age | Feudal Age |
| 11:15 | Build | Market |
| 11:18 | Build | Blacksmith |
| 11:19 | Create | Villager (Male) |
| 11:19 | Create | Villager (Male) |
| 11:45 | Build | Farm |
| 11:59 | Build | House |
| 12:11 | Research | Castle Age |
| 12:26 | Research | Horse Collar |
| 12:27 | Research | Double-Bit Axe |
| 14:36 | Age | Castle Age |
| 14:38 | Build | Town Center |
| 14:39 | Create | Villager (Male) |
| 14:40 | Create | Villager (Male) |
| 14:50 | Build | Town Center |
| 14:51 | Create | Villager (Male) |
| 14:58 | Create | Villager (Male) |
| 15:11 | Research | Bow Saw |
| 15:11 | Research | Bow Saw |
| 15:13 | Create | Villager (Male) |
| 15:13 | Create | Villager (Male) |
| 15:40 | Create | Villager (Male) |
| 15:49 | Create | Villager (Male) |
| 15:52 | Build | Farm |
| 16:17 | Create | Villager (Male) |
| 16:20 | Create | Villager (Male) |
| 16:20 | Create | Villager (Male) |
| 16:30 | Build | Farm |
| 16:30 | Create | Villager (Male) |
| 16:33 | Create | Villager (Male) |
| 16:38 | Create | Villager (Male) |
| 16:38 | Create | Villager (Male) |
| 16:43 | Create | Villager (Male) |
| 16:46 | Create | Villager (Male) |
| 16:51 | Create | Villager (Male) |
| 16:53 | Create | Villager (Male) |
| 17:08 | Create | Villager (Male) |
| 17:09 | Create | Villager (Male) |
| 17:16 | Create | Villager (Male) |
| 17:17 | Create | Villager (Male) |
| 17:19 | Create | Villager (Male) |
| 17:23 | Build | Farm |
| 17:25 | Build | Farm |
| 17:26 | Build | Farm |
| 17:29 | Create | Villager (Male) |
| 17:31 | Create | Villager (Male) |
| 17:51 | Build | Town Center |
| 17:57 | Build | House |
| 18:02 | Research | Wheelbarrow |
| 18:06 | Create | Villager (Male) |
| 18:07 | Create | Villager (Male) |
| 18:12 | Build | House |
| 18:14 | Build | House |
| 18:16 | Create | Villager (Male) |
| 18:28 | Create | Villager (Male) |
| 18:29 | Create | Villager (Male) |
| 18:33 | Build | Farm |
| 18:34 | Build | Farm |
| 18:37 | Create | Villager (Male) |
| 18:42 | Build | Farm |
| 18:42 | Build | Farm |
| 18:44 | Build | Farm |
| 18:52 | Build | Farm |
| 18:53 | Create | Villager (Male) |
| 19:04 | Create | Villager (Male) |
| 19:04 | Create | Villager (Male) |
| 19:10 | Create | Villager (Male) |
| 19:10 | Create | Villager (Male) |
| 19:11 | Create | Villager (Male) |
| 19:14 | Build | Farm |
| 19:15 | Build | Farm |
| 19:15 | Create | Villager (Male) |
| 19:28 | Create | Villager (Male) |
| 19:31 | Build | Farm |
| 19:31 | Create | Villager (Male) |
| 19:41 | Build | Farm |
| 19:45 | Build | Farm |
| 19:45 | Create | Villager (Male) |
| 19:47 | Create | Villager (Male) |
| 19:52 | Create | Villager (Male) |
| 19:59 | Create | Villager (Male) |
| 20:06 | Create | Villager (Male) |
| 20:13 | Create | Villager (Male) |
| 20:14 | Create | Villager (Male) |
| 20:21 | Build | Farm |
| 20:22 | Build | Farm |
| 20:24 | Build | Farm |
| 20:25 | Create | Villager (Male) |
| 20:26 | Create | Villager (Male) |
| 20:30 | Create | Villager (Male) |
| 20:35 | Build | House |
| 20:38 | Build | House |
| 20:38 | Build | House |
| 20:43 | Create | Villager (Male) |
| 20:44 | Create | Villager (Male) |
| 20:48 | Build | Farm |
| 20:49 | Build | Farm |
| 20:51 | Build | Farm |
Build order — Asking
First 150 of 152 actions detected
| 0:01 | Create | Villager (Male) |
| 0:02 | Build | House |
| 0:04 | Build | House |
| 0:08 | Create | Villager (Male) |
| 0:08 | Create | Villager (Male) |
| 0:28 | Create | Villager (Male) |
| 1:28 | Create | Villager (Male) |
| 1:28 | Create | Villager (Male) |
| 1:49 | Create | Villager (Male) |
| 1:56 | Build | Lumber Camp |
| 2:27 | Create | Villager (Male) |
| 2:54 | Create | Villager (Male) |
| 3:01 | Create | Villager (Male) |
| 3:40 | Create | Villager (Male) |
| 3:59 | Create | Villager (Male) |
| 4:01 | Build | House |
| 4:28 | Create | Villager (Male) |
| 4:28 | Create | Villager (Male) |
| 4:34 | Build | House |
| 4:56 | Create | Villager (Male) |
| 4:57 | Create | Villager (Male) |
| 5:04 | Build | Mill |
| 5:18 | Create | Villager (Male) |
| 5:26 | Create | Villager (Male) |
| 5:39 | Create | Villager (Male) |
| 5:39 | Create | Villager (Male) |
| 6:09 | Create | Villager (Male) |
| 6:44 | Build | Farm |
| 6:50 | Create | Villager (Male) |
| 7:29 | Create | Villager (Male) |
| 7:59 | Create | Villager (Male) |
| 8:25 | Build | Mining Camp |
| 8:32 | Research | Feudal Age |
| 9:21 | Build | House |
| 10:26 | Build | Farm |
| 10:48 | Create | Villager (Male) |
| 10:56 | Create | Villager (Male) |
| 10:56 | Age | Feudal Age |
| 11:00 | Build | Market |
| 11:08 | Build | Blacksmith |
| 11:34 | Build | Mining Camp |
| 11:53 | Research | Castle Age |
| 12:31 | Research | Double-Bit Axe |
| 12:32 | Research | Horse Collar |
| 13:04 | Build | Farm |
| 13:06 | Build | Farm |
| 13:07 | Build | Farm |
| 14:33 | Age | Castle Age |
| 14:34 | Create | Villager (Male) |
| 14:34 | Create | Villager (Male) |
| 14:43 | Build | Town Center |
| 14:50 | Create | Villager (Male) |
| 14:52 | Build | Town Center |
| 14:59 | Research | Bow Saw |
| 15:34 | Build | Outpost |
| 15:42 | Create | Villager (Male) |
| 15:54 | Build | House |
| 15:56 | Build | Farm |
| 16:01 | Build | House |
| 16:08 | Research | Wheelbarrow |
| 16:12 | Research | Heavy Plow |
| 16:25 | Build | Farm |
| 16:31 | Create | Villager (Male) |
| 16:43 | Build | Farm |
| 16:54 | Create | Villager (Male) |
| 16:54 | Create | Villager (Male) |
| 16:57 | Build | Farm |
| 16:58 | Build | Farm |
| 17:05 | Build | Farm |
| 17:18 | Build | Farm |
| 17:19 | Build | Farm |
| 17:22 | Create | Villager (Male) |
| 17:23 | Create | Villager (Male) |
| 17:23 | Create | Villager (Male) |
| 17:48 | Create | Villager (Male) |
| 17:51 | Build | Farm |
| 17:54 | Build | Farm |
| 17:55 | Create | Villager (Male) |
| 17:58 | Build | Farm |
| 17:59 | Build | Farm |
| 18:31 | Create | Villager (Male) |
| 18:31 | Create | Villager (Male) |
| 18:31 | Create | Villager (Male) |
| 18:32 | Create | Villager (Male) |
| 18:32 | Create | Villager (Male) |
| 18:35 | Build | Farm |
| 18:36 | Build | Farm |
| 18:40 | Build | Farm |
| 18:41 | Build | Farm |
| 18:56 | Create | Villager (Male) |
| 18:56 | Create | Villager (Male) |
| 19:00 | Build | Farm |
| 19:03 | Build | Farm |
| 19:04 | Create | Villager (Male) |
| 19:57 | Create | Villager (Male) |
| 19:58 | Create | Villager (Male) |
| 19:58 | Create | Villager (Male) |
| 19:58 | Create | Villager (Male) |
| 19:59 | Create | Villager (Male) |
| 20:04 | Build | Town Center |
| 20:06 | Create | Villager (Male) |
| 20:06 | Create | Villager (Male) |
| 20:10 | Build | Farm |
| 20:11 | Build | Farm |
| 20:12 | Build | Farm |
| 20:15 | Create | Villager (Male) |
| 20:29 | Create | Villager (Male) |
| 20:29 | Create | Villager (Male) |
| 20:30 | Create | Villager (Male) |
| 20:39 | Create | Villager (Male) |
| 20:39 | Create | Villager (Male) |
| 20:39 | Create | Villager (Male) |
| 20:47 | Build | Monastery |
| 20:49 | Create | Villager (Male) |
| 20:53 | Build | House |
| 21:26 | Build | Siege Workshop |
| 21:28 | Build | Farm |
| 21:50 | Build | Castle |
| 21:56 | Create | Villager (Male) |
| 21:56 | Create | Villager (Male) |
| 22:08 | Research | Fletching |
| 22:08 | Research | Fletching |
| 22:09 | Create | Villager (Male) |
| 22:18 | Build | House |
| 22:53 | Create | Villager (Male) |
| 23:04 | Create | Mangonel |
| 23:13 | Build | Farm |
| 23:14 | Build | Farm |
| 23:19 | Create | Villager (Male) |
| 23:22 | Build | Farm |
| 23:29 | Create | Villager (Male) |
| 23:30 | Create | Villager (Male) |
| 23:30 | Create | Villager (Male) |
| 23:32 | Create | Villager (Male) |
| 23:41 | Create | Villager (Male) |
| 24:16 | Create | Villager (Male) |
| 24:33 | Create | Mangonel |
| 24:56 | Research | Imperial Age |
| 25:35 | Create | Villager (Male) |
| 25:49 | Create | Hussite Wagon |
| 25:49 | Create | Hussite Wagon |
| 26:14 | Create | Hussite Wagon |
| 26:15 | Create | Villager (Male) |
| 26:16 | Create | Villager (Male) |
| 26:33 | Build | Castle |
| 27:30 | Create | Villager (Male) |
| 27:30 | Create | Villager (Male) |
| 27:33 | Create | Villager (Male) |
| 28:06 | Age | Imperial Age |
| 28:08 | Create | Trebuchet (Packed) |
Build order — MrDJM
First 150 of 305 actions detected
| 0:00 | Create | Villager (Male) |
| 0:00 | Create | Villager (Male) |
| 0:01 | Create | Villager (Male) |
| 0:01 | Create | Villager (Male) |
| 0:01 | Create | Villager (Male) |
| 0:01 | Create | Villager (Male) |
| 0:02 | Build | House |
| 0:03 | Build | House |
| 1:27 | Create | Villager (Male) |
| 1:27 | Create | Villager (Male) |
| 1:44 | Build | Lumber Camp |
| 1:48 | Create | Villager (Male) |
| 1:48 | Create | Villager (Male) |
| 2:10 | Create | Villager (Male) |
| 2:10 | Create | Villager (Male) |
| 2:42 | Create | Villager (Male) |
| 2:42 | Create | Villager (Male) |
| 2:45 | Create | Villager (Male) |
| 2:45 | Create | Villager (Male) |
| 3:39 | Create | Villager (Male) |
| 3:39 | Create | Villager (Male) |
| 3:52 | Build | House |
| 4:16 | Build | Mill |
| 4:20 | Create | Villager (Male) |
| 4:20 | Create | Villager (Male) |
| 4:21 | Build | House |
| 4:39 | Build | House |
| 5:06 | Create | Villager (Male) |
| 5:06 | Create | Villager (Male) |
| 5:55 | Create | Villager (Male) |
| 5:55 | Create | Villager (Male) |
| 6:30 | Build | Farm |
| 6:32 | Build | Farm |
| 6:38 | Build | Farm |
| 7:07 | Create | Villager (Male) |
| 7:07 | Create | Villager (Male) |
| 7:29 | Build | Mining Camp |
| 7:51 | Create | Villager (Male) |
| 7:51 | Create | Villager (Male) |
| 8:22 | Research | Feudal Age |
| 8:59 | Create | Villager (Male) |
| 8:59 | Create | Villager (Male) |
| 10:58 | Age | Feudal Age |
| 10:59 | Build | Market |
| 11:01 | Build | Blacksmith |
| 11:32 | Research | Horse Collar |
| 11:47 | Research | Castle Age |
| 11:47 | Research | Castle Age |
| 12:02 | Research | Double-Bit Axe |
| 12:47 | Create | Villager (Male) |
| 12:51 | Build | House |
| 12:52 | Build | House |
| 13:19 | Research | Loom |
| 13:22 | Create | Villager (Male) |
| 13:37 | Build | House |
| 14:28 | Age | Castle Age |
| 14:30 | Build | Siege Workshop |
| 14:34 | Build | Siege Workshop |
| 14:34 | Research | Bow Saw |
| 14:34 | Research | Heavy Plow |
| 14:34 | Research | Bow Saw |
| 14:34 | Research | Heavy Plow |
| 14:35 | Create | Villager (Male) |
| 14:35 | Create | Villager (Male) |
| 14:51 | Build | Farm |
| 15:03 | Create | Battering Ram |
| 15:07 | Create | Battering Ram |
| 15:17 | Create | Scorpion |
| 15:39 | Create | Scorpion |
| 15:48 | Create | Battering Ram |
| 15:49 | Create | Villager (Male) |
| 15:49 | Create | Villager (Male) |
| 16:30 | Research | Loom |
| 16:39 | Create | Battering Ram |
| 16:41 | Create | Scorpion |
| 16:41 | Create | Villager (Male) |
| 16:41 | Create | Villager (Male) |
| 16:50 | Build | Farm |
| 17:03 | Create | Scorpion |
| 17:09 | Build | Farm |
| 17:20 | Create | Scorpion |
| 17:21 | Create | Villager (Male) |
| 17:21 | Create | Villager (Male) |
| 17:32 | Create | Villager (Male) |
| 17:32 | Create | Villager (Male) |
| 17:43 | Create | Scorpion |
| 18:03 | Create | Villager (Male) |
| 18:03 | Create | Villager (Male) |
| 18:31 | Create | Battering Ram |
| 18:32 | Create | Villager (Male) |
| 18:32 | Create | Villager (Male) |
| 18:37 | Build | House |
| 18:41 | Research | Wheelbarrow |
| 18:52 | Create | Battering Ram |
| 18:55 | Build | House |
| 19:23 | Create | Battering Ram |
| 19:24 | Create | Villager (Male) |
| 19:24 | Create | Villager (Male) |
| 20:08 | Create | Villager (Male) |
| 20:08 | Create | Villager (Male) |
| 20:08 | Create | Villager (Male) |
| 20:08 | Create | Villager (Male) |
| 21:07 | Build | House |
| 21:14 | Build | Town Center |
| 21:17 | Build | Town Center |
| 21:23 | Create | Villager (Male) |
| 21:23 | Create | Villager (Male) |
| 21:31 | Build | Outpost |
| 21:34 | Build | Palisade Wall |
| 21:35 | Build | Palisade Wall |
| 21:43 | Create | Mangonel |
| 21:46 | Create | Mangonel |
| 21:46 | Create | Villager (Male) |
| 21:46 | Create | Villager (Male) |
| 21:58 | Build | House |
| 22:18 | Build | House |
| 22:22 | Build | Farm |
| 22:24 | Build | Farm |
| 22:24 | Create | Villager (Male) |
| 22:24 | Create | Villager (Male) |
| 22:41 | Build | Farm |
| 22:43 | Build | Farm |
| 22:47 | Build | Farm |
| 23:10 | Create | Villager (Male) |
| 23:10 | Create | Villager (Male) |
| 23:13 | Build | Farm |
| 23:15 | Build | Farm |
| 23:15 | Build | Farm |
| 23:15 | Build | Farm |
| 23:16 | Create | Villager (Male) |
| 23:16 | Create | Villager (Male) |
| 23:19 | Build | House |
| 23:39 | Build | Farm |
| 23:40 | Build | Farm |
| 23:40 | Build | Farm |
| 23:41 | Build | Farm |
| 23:54 | Create | Villager (Male) |
| 23:54 | Create | Villager (Male) |
| 23:54 | Create | Villager (Male) |
| 23:54 | Create | Villager (Male) |
| 24:08 | Create | Villager (Male) |
| 24:08 | Create | Villager (Male) |
| 24:10 | Build | Farm |
| 24:10 | Build | Farm |
| 24:11 | Build | Farm |
| 24:11 | Build | Farm |
| 24:13 | Create | Villager (Male) |
| 24:13 | Create | Villager (Male) |
| 24:16 | Build | House |
| 24:34 | Create | Villager (Male) |
Build order — Donnie Darko
101 actions detected in the replay
| 0:01 | Create | Villager (Male) |
| 0:02 | Build | House |
| 0:03 | Build | House |
| 0:12 | Create | Villager (Male) |
| 0:17 | Create | Villager (Male) |
| 0:17 | Create | Villager (Male) |
| 1:15 | Create | Villager (Male) |
| 1:47 | Build | Settlement |
| 1:53 | Create | Villager (Male) |
| 2:10 | Create | Villager (Male) |
| 2:10 | Create | Villager (Male) |
| 2:29 | Create | Villager (Male) |
| 3:04 | Create | Villager (Male) |
| 3:04 | Create | Villager (Male) |
| 3:28 | Create | Villager (Male) |
| 3:41 | Create | Villager (Male) |
| 4:03 | Create | Villager (Male) |
| 4:03 | Create | Villager (Male) |
| 4:18 | Build | Settlement |
| 4:20 | Research | Loom |
| 4:28 | Create | Villager (Male) |
| 5:21 | Create | Villager (Male) |
| 5:22 | Create | Villager (Male) |
| 5:36 | Create | Villager (Male) |
| 6:15 | Create | Villager (Male) |
| 6:19 | Build | Farm |
| 6:32 | Create | Villager (Male) |
| 6:46 | Build | Farm |
| 6:57 | Create | Villager (Male) |
| 7:12 | Build | Farm |
| 7:22 | Create | Villager (Male) |
| 7:45 | Build | Settlement |
| 7:51 | Create | Villager (Male) |
| 8:02 | Build | Farm |
| 8:24 | Create | Villager (Male) |
| 8:48 | Research | Feudal Age |
| 8:48 | Research | Feudal Age |
| 10:11 | Create | Villager (Male) |
| 10:12 | Create | Villager (Male) |
| 10:59 | Age | Feudal Age |
| 11:01 | Build | Market |
| 11:04 | Build | Blacksmith |
| 11:52 | Research | Castle Age |
| 11:52 | Research | Castle Age |
| 12:01 | Build | Farm |
| 14:07 | Research | Loom |
| 14:08 | Create | Villager (Male) |
| 14:32 | Age | Castle Age |
| 14:35 | Build | Monastery |
| 14:40 | Build | University |
| 15:01 | Build | Farm |
| 16:02 | Research | Imperial Age |
| 16:03 | Research | Imperial Age |
| 16:20 | Build | Settlement |
| 16:27 | Create | Monk |
| 16:56 | Build | House |
| 17:25 | Build | Castle |
| 17:29 | Build | Siege Workshop |
| 17:34 | Build | Stone Wall |
| 17:42 | Build | Stone Wall |
| 17:45 | Build | House |
| 17:58 | Build | Stone Wall |
| 18:21 | Build | Palisade Wall |
| 18:30 | Build | Stone Wall |
| 18:53 | Create | Villager (Male) |
| 19:12 | Age | Imperial Age |
| 19:27 | Create | Mangonel |
| 19:27 | Create | Mangonel |
| 20:24 | Build | House |
| 20:26 | Build | Palisade Wall |
| 21:18 | Build | House |
| 21:52 | Create | Monk |
| 22:08 | Research | Block Printing |
| 22:08 | Research | Block Printing |
| 22:08 | Research | Block Printing |
| 22:16 | Build | House |
| 23:08 | Build | House |
| 23:10 | Build | House |
| 23:12 | Build | House |
| 23:20 | Create | Monk |
| 23:28 | Build | House |
| 24:02 | Build | House |
| 24:04 | Build | Palisade Wall |
| 25:15 | Build | Settlement |
| 26:33 | Build | Monastery |
| 27:01 | Build | Settlement |
| 27:25 | Research | Sanctity |
| 27:31 | Build | Monastery |
| 28:04 | Create | Monk |
| 28:41 | Research | Illumination |
| 28:41 | Research | Illumination |
| 28:59 | Create | Monk |
| 29:31 | Create | Monk |
| 29:32 | Create | Monk |
| 29:42 | Build | Monastery |
| 30:17 | Create | Monk |
| 30:18 | Create | Monk |
| 30:52 | Create | Monk |
| 30:52 | Create | Monk |
| 31:30 | Create | Monk |
| 31:31 | Create | Monk |
Build order — Simvall
First 150 of 297 actions detected
| 0:01 | Create | Villager (Male) |
| 0:01 | Create | Villager (Male) |
| 0:02 | Create | Villager (Male) |
| 0:02 | Create | Villager (Male) |
| 0:03 | Build | House |
| 0:05 | Build | House |
| 1:30 | Create | Villager (Male) |
| 1:30 | Create | Villager (Male) |
| 1:51 | Create | Villager (Male) |
| 1:51 | Create | Villager (Male) |
| 2:25 | Create | Villager (Male) |
| 2:25 | Create | Villager (Male) |
| 2:27 | Create | Villager (Male) |
| 2:44 | Create | Villager (Male) |
| 2:44 | Create | Villager (Male) |
| 3:31 | Create | Villager (Male) |
| 3:31 | Create | Villager (Male) |
| 3:37 | Build | Lumber Camp |
| 3:44 | Create | Villager (Male) |
| 3:44 | Create | Villager (Male) |
| 3:47 | Create | Villager (Male) |
| 3:47 | Create | Villager (Male) |
| 4:02 | Build | House |
| 4:24 | Build | House |
| 4:25 | Build | House |
| 4:37 | Create | Villager (Male) |
| 4:44 | Create | Villager (Male) |
| 4:44 | Create | Villager (Male) |
| 5:01 | Create | Villager (Male) |
| 5:01 | Create | Villager (Male) |
| 5:46 | Create | Villager (Male) |
| 5:49 | Build | Mill |
| 5:59 | Create | Villager (Male) |
| 6:31 | Create | Villager (Male) |
| 7:12 | Build | House |
| 7:19 | Build | Mining Camp |
| 7:46 | Create | Villager (Male) |
| 8:20 | Create | Villager (Male) |
| 8:43 | Create | Villager (Male) |
| 8:54 | Build | Mining Camp |
| 9:00 | Create | Villager (Male) |
| 9:23 | Research | Feudal Age |
| 9:24 | Research | Feudal Age |
| 9:38 | Build | Farm |
| 11:08 | Create | Villager (Male) |
| 11:08 | Create | Villager (Male) |
| 11:46 | Age | Feudal Age |
| 11:51 | Build | Market |
| 11:55 | Build | Blacksmith |
| 12:41 | Research | Castle Age |
| 12:52 | Build | House |
| 13:05 | Research | Horse Collar |
| 13:11 | Build | House |
| 13:15 | Build | Farm |
| 13:19 | Build | Farm |
| 13:21 | Build | Farm |
| 13:36 | Build | Farm |
| 13:40 | Build | Farm |
| 13:57 | Build | House |
| 15:20 | Create | Villager (Male) |
| 15:21 | Age | Castle Age |
| 15:22 | Create | Villager (Male) |
| 15:25 | Build | Castle |
| 15:29 | Research | Double-Bit Axe |
| 15:29 | Research | Double-Bit Axe |
| 15:42 | Create | Villager (Male) |
| 15:47 | Build | Farm |
| 15:48 | Build | Farm |
| 15:52 | Build | Farm |
| 15:55 | Create | Villager (Male) |
| 16:13 | Build | Town Center |
| 16:33 | Create | Villager (Male) |
| 17:01 | Create | Unit 1968 |
| 17:01 | Create | Unit 1968 |
| 17:01 | Create | Unit 1968 |
| 17:01 | Create | Unit 1968 |
| 17:25 | Create | Villager (Male) |
| 17:27 | Research | Fletching |
| 17:28 | Research | Fletching |
| 17:31 | Create | Villager (Male) |
| 17:33 | Create | Unit 1968 |
| 17:35 | Build | Farm |
| 17:42 | Create | Unit 1968 |
| 17:47 | Create | Villager (Male) |
| 18:19 | Create | Unit 1968 |
| 18:20 | Create | Villager (Male) |
| 18:23 | Research | Bodkin Arrow |
| 18:36 | Create | Unit 1968 |
| 18:36 | Create | Unit 1968 |
| 18:51 | Create | Villager (Male) |
| 18:57 | Build | Farm |
| 18:57 | Create | Villager (Male) |
| 19:01 | Create | Unit 1968 |
| 19:11 | Create | Villager (Male) |
| 19:12 | Research | Loom |
| 19:12 | Research | Loom |
| 19:25 | Create | Villager (Male) |
| 19:25 | Create | Villager (Male) |
| 19:26 | Create | Villager (Male) |
| 19:41 | Create | Petard |
| 19:41 | Create | Petard |
| 19:41 | Create | Petard |
| 19:53 | Create | Petard |
| 19:59 | Create | Villager (Male) |
| 19:59 | Create | Villager (Male) |
| 20:04 | Build | Farm |
| 20:06 | Create | Unit 1968 |
| 20:26 | Create | Villager (Male) |
| 20:26 | Create | Villager (Male) |
| 20:40 | Create | Unit 1968 |
| 20:40 | Create | Villager (Male) |
| 20:40 | Create | Villager (Male) |
| 20:40 | Create | Villager (Male) |
| 20:50 | Build | Farm |
| 20:51 | Build | Farm |
| 20:54 | Build | Farm |
| 20:55 | Create | Villager (Male) |
| 20:55 | Create | Unit 1968 |
| 21:12 | Create | Villager (Male) |
| 21:12 | Create | Villager (Male) |
| 21:18 | Create | Villager (Male) |
| 21:19 | Create | Villager (Male) |
| 21:20 | Create | Unit 1968 |
| 21:38 | Build | Castle |
| 21:45 | Create | Villager (Male) |
| 21:45 | Create | Villager (Male) |
| 21:53 | Create | Unit 1968 |
| 21:53 | Create | Unit 1968 |
| 21:53 | Create | Unit 1968 |
| 22:06 | Create | Unit 1968 |
| 22:09 | Create | Villager (Male) |
| 22:21 | Create | Villager (Male) |
| 22:21 | Create | Villager (Male) |
| 22:26 | Build | Town Center |
| 22:38 | Create | Villager (Male) |
| 22:43 | Create | Villager (Male) |
| 22:44 | Create | Villager (Male) |
| 22:45 | Create | Unit 1968 |
| 22:56 | Build | Lumber Camp |
| 22:57 | Create | Villager (Male) |
| 22:57 | Create | Villager (Male) |
| 22:58 | Create | Villager (Male) |
| 23:03 | Build | Outpost |
| 23:05 | Build | Outpost |
| 23:06 | Create | Villager (Male) |
| 23:08 | Create | Unit 1968 |
| 23:15 | Create | Villager (Male) |
| 23:15 | Create | Villager (Male) |
| 23:19 | Create | Unit 1968 |
| 23:26 | Build | Farm |
Build order — RoR | Vodka_L_
First 150 of 355 actions detected
| 0:00 | Create | Villager (Male) |
| 0:02 | Build | House |
| 0:02 | Build | House |
| 0:14 | Create | Villager (Male) |
| 0:14 | Create | Villager (Male) |
| 0:47 | Create | Villager (Male) |
| 0:47 | Create | Villager (Male) |
| 1:29 | Create | Villager (Male) |
| 1:49 | Build | Lumber Camp |
| 1:50 | Create | Villager (Male) |
| 1:51 | Create | Villager (Male) |
| 2:26 | Create | Villager (Male) |
| 2:41 | Create | Villager (Male) |
| 3:15 | Create | Villager (Male) |
| 3:27 | Create | Villager (Male) |
| 3:53 | Build | House |
| 3:53 | Build | House |
| 3:59 | Create | Villager (Male) |
| 3:59 | Create | Villager (Male) |
| 4:13 | Create | Villager (Male) |
| 4:14 | Create | Villager (Male) |
| 4:17 | Build | Mill |
| 4:43 | Create | Villager (Male) |
| 5:09 | Create | Villager (Male) |
| 5:10 | Create | Villager (Male) |
| 5:37 | Create | Villager (Male) |
| 5:56 | Create | Villager (Male) |
| 5:57 | Create | Villager (Male) |
| 6:27 | Create | Villager (Male) |
| 7:38 | Build | Mining Camp |
| 7:51 | Research | Feudal Age |
| 9:57 | Create | Villager (Male) |
| 9:57 | Create | Villager (Male) |
| 10:06 | Age | Feudal Age |
| 10:08 | Build | Market |
| 10:14 | Build | Blacksmith |
| 10:58 | Research | Castle Age |
| 10:58 | Research | Castle Age |
| 11:12 | Build | House |
| 11:23 | Research | Double-Bit Axe |
| 11:31 | Research | Horse Collar |
| 11:35 | Build | Farm |
| 11:39 | Build | Farm |
| 11:41 | Build | Farm |
| 11:48 | Build | Farm |
| 11:49 | Build | Farm |
| 12:03 | Build | Farm |
| 13:23 | Create | Villager (Male) |
| 13:38 | Age | Castle Age |
| 13:42 | Build | Town Center |
| 13:48 | Build | Town Center |
| 13:58 | Create | Villager (Male) |
| 14:17 | Research | Bow Saw |
| 14:19 | Create | Villager (Male) |
| 14:30 | Build | House |
| 14:56 | Create | Villager (Male) |
| 14:56 | Create | Villager (Male) |
| 15:00 | Build | Monastery |
| 15:10 | Create | Villager (Male) |
| 15:28 | Build | Farm |
| 15:30 | Create | Villager (Male) |
| 15:30 | Create | Villager (Male) |
| 15:36 | Create | Villager (Male) |
| 15:38 | Build | Farm |
| 15:39 | Create | Monk |
| 15:50 | Create | Villager (Male) |
| 15:50 | Create | Villager (Male) |
| 15:52 | Build | Farm |
| 15:57 | Build | Farm |
| 16:10 | Build | Farm |
| 16:14 | Create | Villager (Male) |
| 16:14 | Create | Villager (Male) |
| 16:17 | Research | Fervor |
| 16:21 | Build | Farm |
| 16:22 | Build | House |
| 16:30 | Build | Farm |
| 16:35 | Create | Villager (Male) |
| 16:36 | Create | Villager (Male) |
| 16:41 | Build | Farm |
| 16:45 | Create | Villager (Male) |
| 16:45 | Create | Villager (Male) |
| 16:50 | Build | Farm |
| 16:53 | Build | House |
| 16:57 | Create | Villager (Male) |
| 16:58 | Create | Villager (Male) |
| 17:02 | Build | Farm |
| 17:05 | Create | Villager (Male) |
| 17:09 | Build | Farm |
| 17:11 | Build | House |
| 17:17 | Create | Villager (Male) |
| 17:17 | Create | Villager (Male) |
| 17:22 | Create | Monk |
| 17:26 | Create | Villager (Male) |
| 17:26 | Create | Villager (Male) |
| 17:29 | Build | Farm |
| 17:32 | Build | Farm |
| 17:38 | Create | Villager (Male) |
| 17:43 | Build | House |
| 17:43 | Create | Villager (Male) |
| 17:45 | Build | Farm |
| 17:57 | Create | Villager (Male) |
| 17:57 | Create | Villager (Male) |
| 18:02 | Create | Villager (Male) |
| 18:02 | Create | Villager (Male) |
| 18:14 | Create | Villager (Male) |
| 18:14 | Create | Villager (Male) |
| 18:16 | Build | House |
| 18:17 | Build | House |
| 18:23 | Create | Villager (Male) |
| 18:27 | Build | Town Center |
| 18:31 | Create | Villager (Male) |
| 18:33 | Build | Farm |
| 18:35 | Build | Farm |
| 18:39 | Create | Villager (Male) |
| 18:40 | Create | Villager (Male) |
| 18:44 | Build | Farm |
| 18:51 | Create | Villager (Male) |
| 18:51 | Create | Villager (Male) |
| 18:53 | Build | Farm |
| 18:55 | Build | House |
| 19:05 | Create | Monk |
| 19:06 | Create | Villager (Male) |
| 19:06 | Create | Villager (Male) |
| 19:13 | Build | House |
| 19:14 | Build | House |
| 19:15 | Create | Villager (Male) |
| 19:24 | Create | Villager (Male) |
| 19:24 | Create | Villager (Male) |
| 19:26 | Build | Farm |
| 19:29 | Build | Farm |
| 19:30 | Create | Villager (Male) |
| 19:30 | Create | Villager (Male) |
| 19:35 | Build | Farm |
| 19:40 | Research | Wheelbarrow |
| 19:45 | Create | Villager (Male) |
| 19:45 | Create | Villager (Male) |
| 19:50 | Build | House |
| 19:56 | Create | Villager (Male) |
| 19:57 | Create | Villager (Male) |
| 20:00 | Create | Villager (Male) |
| 20:04 | Build | Mining Camp |
| 20:06 | Create | Villager (Male) |
| 20:06 | Create | Villager (Male) |
| 20:11 | Build | Farm |
| 20:14 | Create | Villager (Male) |
| 20:14 | Create | Villager (Male) |
| 20:15 | Build | Farm |
| 20:16 | Build | Farm |
| 20:17 | Build | Farm |
| 20:22 | Build | Farm |
Build order — Kokin95
First 150 of 314 actions detected
| 0:01 | Create | Villager (Male) |
| 0:01 | Create | Villager (Male) |
| 0:02 | Create | Villager (Male) |
| 0:03 | Build | House |
| 0:04 | Build | House |
| 0:14 | Create | Villager (Male) |
| 0:14 | Create | Villager (Male) |
| 1:23 | Create | Villager (Male) |
| 1:23 | Create | Villager (Male) |
| 1:24 | Create | Villager (Male) |
| 1:51 | Build | Lumber Camp |
| 1:54 | Create | Villager (Male) |
| 1:54 | Create | Villager (Male) |
| 2:10 | Create | Villager (Male) |
| 2:11 | Create | Villager (Male) |
| 2:31 | Create | Villager (Male) |
| 2:31 | Create | Villager (Male) |
| 3:03 | Create | Villager (Male) |
| 3:03 | Create | Villager (Male) |
| 3:03 | Create | Villager (Male) |
| 3:17 | Create | Villager (Male) |
| 3:17 | Create | Villager (Male) |
| 3:17 | Create | Villager (Male) |
| 3:34 | Build | House |
| 3:50 | Create | Villager (Male) |
| 3:50 | Create | Villager (Male) |
| 3:50 | Create | Villager (Male) |
| 4:06 | Create | Villager (Male) |
| 4:06 | Create | Villager (Male) |
| 4:26 | Create | Villager (Male) |
| 4:26 | Create | Villager (Male) |
| 4:29 | Build | Mill |
| 5:16 | Create | Villager (Male) |
| 5:34 | Create | Villager (Male) |
| 6:44 | Research | Feudal Age |
| 7:55 | Build | House |
| 8:54 | Age | Feudal Age |
| 8:58 | Build | Town Center |
| 9:02 | Create | Villager (Male) |
| 9:02 | Create | Villager (Male) |
| 9:05 | Research | Double-Bit Axe |
| 9:33 | Create | Villager (Male) |
| 10:14 | Create | Villager (Male) |
| 10:14 | Create | Villager (Male) |
| 10:28 | Create | Villager (Male) |
| 10:29 | Create | Villager (Male) |
| 10:35 | Build | House |
| 10:38 | Build | House |
| 10:39 | Build | House |
| 10:45 | Create | Villager (Male) |
| 10:48 | Research | Horse Collar |
| 11:05 | Build | Farm |
| 11:11 | Create | Villager (Male) |
| 11:11 | Create | Villager (Male) |
| 11:15 | Build | Farm |
| 11:18 | Build | Farm |
| 11:21 | Build | Farm |
| 11:24 | Create | Villager (Male) |
| 11:35 | Create | Villager (Male) |
| 11:49 | Create | Villager (Male) |
| 11:58 | Build | Farm |
| 12:03 | Build | Farm |
| 12:05 | Build | Farm |
| 12:06 | Build | Farm |
| 12:21 | Create | Villager (Male) |
| 12:21 | Create | Villager (Male) |
| 12:24 | Build | House |
| 12:41 | Create | Villager (Male) |
| 12:41 | Create | Villager (Male) |
| 12:47 | Build | Farm |
| 12:50 | Build | Farm |
| 12:54 | Build | Farm |
| 13:00 | Build | House |
| 13:01 | Build | House |
| 13:03 | Build | House |
| 13:05 | Create | Villager (Male) |
| 13:05 | Create | Villager (Male) |
| 13:27 | Create | Villager (Male) |
| 13:27 | Create | Villager (Male) |
| 13:41 | Create | Villager (Male) |
| 13:41 | Create | Villager (Male) |
| 13:44 | Build | Farm |
| 13:51 | Build | Barracks |
| 14:10 | Build | Farm |
| 14:11 | Create | Villager (Male) |
| 14:18 | Build | Farm |
| 14:20 | Build | Farm |
| 14:25 | Create | Villager (Male) |
| 14:28 | Build | House |
| 14:29 | Build | House |
| 14:40 | Create | Villager (Male) |
| 14:40 | Create | Villager (Male) |
| 14:52 | Build | Stable |
| 14:58 | Create | Villager (Male) |
| 14:58 | Create | Villager (Male) |
| 15:17 | Build | House |
| 15:29 | Build | Farm |
| 15:32 | Build | Farm |
| 15:36 | Build | Farm |
| 15:47 | Build | Blacksmith |
| 15:52 | Create | Villager (Male) |
| 16:00 | Create | Villager (Male) |
| 16:16 | Build | House |
| 16:31 | Research | Castle Age |
| 16:36 | Build | Farm |
| 16:37 | Build | Farm |
| 16:37 | Build | Farm |
| 16:53 | Build | Stable |
| 17:00 | Build | Stable |
| 17:05 | Create | Scout Cavalry |
| 17:06 | Create | Scout Cavalry |
| 17:08 | Create | Villager (Male) |
| 17:09 | Create | Villager (Male) |
| 17:22 | Build | Farm |
| 17:30 | Research | Wheelbarrow |
| 17:44 | Build | Mining Camp |
| 18:12 | Build | Farm |
| 18:16 | Build | Farm |
| 18:17 | Research | Scale Barding Armor |
| 18:20 | Research | Bloodlines |
| 19:08 | Research | Gold Mining |
| 19:11 | Age | Castle Age |
| 19:13 | Create | Villager (Male) |
| 19:16 | Create | Knight |
| 19:17 | Create | Knight |
| 19:17 | Create | Knight |
| 19:27 | Research | Heavy Plow |
| 19:29 | Create | Villager (Male) |
| 20:00 | Create | Knight |
| 20:00 | Create | Knight |
| 20:00 | Create | Knight |
| 20:00 | Create | Knight |
| 20:00 | Create | Knight |
| 20:08 | Create | Villager (Male) |
| 20:10 | Create | Villager (Male) |
| 20:14 | Build | Town Center |
| 20:18 | Create | Knight |
| 20:30 | Build | Farm |
| 20:31 | Build | Farm |
| 20:33 | Create | Knight |
| 20:33 | Create | Knight |
| 20:35 | Create | Villager (Male) |
| 20:37 | Create | Villager (Male) |
| 20:39 | Create | Villager (Male) |
| 21:00 | Create | Villager (Male) |
| 21:03 | Research | Stone Mining |
| 21:06 | Build | Mining Camp |
| 21:17 | Create | Knight |
| 21:18 | Create | Knight |
| 21:18 | Create | Knight |
Build order — Dott_Berlu
First 150 of 264 actions detected
| 0:00 | Create | Villager (Male) |
| 0:01 | Create | Villager (Male) |
| 0:01 | Create | Villager (Male) |
| 0:01 | Create | Villager (Male) |
| 0:02 | Create | Villager (Male) |
| 0:03 | Build | House |
| 0:05 | Build | House |
| 0:14 | Build | House |
| 1:17 | Create | Villager (Male) |
| 1:17 | Create | Villager (Male) |
| 1:54 | Create | Villager (Male) |
| 1:54 | Create | Villager (Male) |
| 2:04 | Build | Lumber Camp |
| 2:10 | Create | Villager (Male) |
| 2:16 | Build | Lumber Camp |
| 2:31 | Create | Villager (Male) |
| 2:31 | Create | Villager (Male) |
| 3:18 | Create | Villager (Male) |
| 3:18 | Create | Villager (Male) |
| 4:03 | Create | Villager (Male) |
| 4:03 | Create | Villager (Male) |
| 4:13 | Build | Mining Camp |
| 4:17 | Create | Villager (Male) |
| 4:17 | Create | Villager (Male) |
| 4:57 | Create | Villager (Male) |
| 4:57 | Create | Villager (Male) |
| 5:06 | Build | House |
| 5:33 | Build | House |
| 5:48 | Create | Villager (Male) |
| 6:11 | Build | Mill |
| 6:46 | Create | Villager (Male) |
| 7:21 | Research | Feudal Age |
| 7:37 | Build | Mining Camp |
| 8:27 | Build | Donjon |
| 9:31 | Age | Feudal Age |
| 9:34 | Research | Double-Bit Axe |
| 9:34 | Research | Horse Collar |
| 9:35 | Create | Villager (Male) |
| 9:41 | Build | Farm |
| 10:02 | Create | Villager (Male) |
| 10:09 | Build | Farm |
| 10:15 | Create | Serjeant |
| 10:15 | Create | Serjeant |
| 10:31 | Build | House |
| 10:36 | Create | Serjeant |
| 10:36 | Create | Serjeant |
| 10:39 | Create | Villager (Male) |
| 10:39 | Create | Villager (Male) |
| 10:44 | Build | Farm |
| 10:51 | Create | Villager (Male) |
| 11:08 | Create | Serjeant |
| 11:10 | Build | House |
| 11:17 | Build | Farm |
| 11:36 | Create | Serjeant |
| 11:36 | Create | Serjeant |
| 11:40 | Build | House |
| 11:53 | Build | Farm |
| 11:57 | Create | Villager (Male) |
| 12:17 | Build | House |
| 12:18 | Create | Villager (Male) |
| 12:18 | Create | Villager (Male) |
| 12:23 | Build | Blacksmith |
| 12:39 | Create | Villager (Male) |
| 12:40 | Create | Villager (Male) |
| 12:40 | Create | Villager (Male) |
| 12:43 | Build | Farm |
| 13:10 | Create | Serjeant |
| 13:10 | Create | Serjeant |
| 13:23 | Build | Farm |
| 13:35 | Create | Villager (Male) |
| 13:36 | Create | Villager (Male) |
| 13:56 | Build | Market |
| 13:58 | Build | House |
| 14:07 | Build | Farm |
| 14:25 | Create | Villager (Male) |
| 14:25 | Create | Villager (Male) |
| 14:31 | Build | House |
| 14:47 | Create | Villager (Male) |
| 14:53 | Build | House |
| 14:59 | Build | Farm |
| 15:11 | Build | Farm |
| 15:46 | Create | Villager (Male) |
| 15:54 | Build | Farm |
| 15:57 | Build | Farm |
| 16:07 | Create | Villager (Male) |
| 16:26 | Build | Farm |
| 17:01 | Build | Donjon |
| 17:07 | Research | Fletching |
| 17:16 | Research | Castle Age |
| 17:24 | Build | Farm |
| 17:34 | Research | Scale Mail Armor |
| 17:35 | Research | Scale Mail Armor |
| 17:41 | Build | Farm |
| 17:46 | Build | Lumber Camp |
| 18:09 | Build | Donjon |
| 18:26 | Create | Villager (Male) |
| 18:26 | Create | Villager (Male) |
| 18:26 | Create | Villager (Male) |
| 18:55 | Build | Farm |
| 19:11 | Build | Donjon |
| 19:22 | Create | Serjeant ×5 |
| 19:56 | Age | Castle Age |
| 20:00 | Research | Chain Mail Armor |
| 20:02 | Create | Villager (Male) |
| 20:06 | Build | Town Center |
| 20:08 | Create | Serjeant ×3 |
| 20:45 | Create | Serjeant ×2 |
| 20:46 | Create | Serjeant ×2 |
| 20:54 | Build | Donjon |
| 20:58 | Create | Villager (Male) |
| 20:58 | Create | Villager (Male) |
| 21:26 | Create | Spearman ×5 |
| 21:27 | Create | Spearman ×5 |
| 21:45 | Research | Fletching |
| 21:45 | Research | Fletching |
| 21:49 | Build | Farm |
| 21:49 | Build | Farm |
| 21:49 | Build | Farm |
| 21:50 | Build | Farm |
| 21:53 | Create | Villager (Male) |
| 22:24 | Create | Villager (Male) |
| 22:24 | Create | Villager (Male) |
| 22:24 | Create | Villager (Male) |
| 22:24 | Create | Villager (Male) |
| 22:31 | Create | Villager (Male) |
| 22:31 | Create | Villager (Male) |
| 23:00 | Build | Donjon |
| 23:05 | Create | Villager (Male) |
| 23:06 | Create | Villager (Male) |
| 23:06 | Create | Villager (Male) |
| 23:13 | Build | Town Center |
| 23:21 | Create | Villager (Male) |
| 23:22 | Create | Villager (Male) |
| 23:58 | Research | Pikeman (upgrade) |
| 24:00 | Create | Spearman ×4 |
| 24:01 | Create | Spearman ×4 |
| 24:12 | Create | Spearman ×2 |
| 24:12 | Create | Spearman ×3 |
| 24:12 | Create | Spearman |
| 24:22 | Create | Villager (Male) |
| 24:26 | Build | House |
| 24:27 | Build | House |
| 24:50 | Create | Spearman ×4 |
| 24:50 | Create | Spearman ×4 |
| 24:55 | Create | Villager (Male) |
| 25:04 | Create | Spearman ×2 |
| 25:05 | Create | Spearman ×2 |
| 25:09 | Create | Villager (Male) |
| 25:22 | Create | Spearman ×2 |
| 25:22 | Create | Spearman ×2 |
Match timeline
| 8:27 | Dott_Berlu · first_building Donjon |
| 8:54 | Kokin95 · age_up feudal |
| 9:31 | Dott_Berlu · age_up feudal |
| 10:06 | RoR | Vodka_L_ · age_up feudal |
| 10:56 | Asking · age_up feudal |
| 10:58 | MrDJM · age_up feudal |
| 10:59 | Donnie Darko · age_up feudal |
| 11:12 | dapao · age_up feudal |
| 11:46 | Simvall · age_up feudal |
| 13:38 | RoR | Vodka_L_ · age_up castle |
| 13:51 | Kokin95 · first_building Barracks |
| 14:28 | MrDJM · age_up castle |
| 14:30 | MrDJM · first_building Siege Workshop |
| 14:32 | Donnie Darko · age_up castle |
| 14:33 | Asking · age_up castle |
| 14:35 | Donnie Darko · first_building Monastery |
| 14:36 | dapao · age_up castle |
| 14:52 | Kokin95 · first_building Stable |
| 15:00 | RoR | Vodka_L_ · first_building Monastery |
| 15:21 | Simvall · age_up castle |
| 15:25 | Simvall · first_building Castle |
| 15:27 | MrDJM · first_market_sell 100 stone |
| 15:28 | MrDJM · first_market_buy 100 wood |
| 16:33 | Dott_Berlu · first_market_sell 100 wood |
| 16:36 | Dott_Berlu · first_market_buy 100 food |
| 16:53 | Asking · first_market_buy 100 food |
| 17:25 | Donnie Darko · first_building Castle |
| 17:29 | Donnie Darko · first_building Siege Workshop |
| 17:34 | Donnie Darko · wall_segment Stone Wall x5 |
| 17:37 | Donnie Darko · first_market_sell 100 wood |
| 17:38 | Donnie Darko · first_market_buy 100 stone |
| 17:42 | Donnie Darko · wall_segment Stone Wall x4 |
| 17:58 | Donnie Darko · wall_segment Stone Wall x3 |
| 18:21 | Donnie Darko · wall_segment Palisade Wall x1 |
| 18:25 | RoR | Vodka_L_ · first_market_buy 100 stone |
| 18:30 | Donnie Darko · wall_segment Stone Wall x1 |
| 19:08 | dapao · first_market_buy 100 food |
| 19:11 | Kokin95 · age_up castle |
| 19:12 | Donnie Darko · age_up imperial |
| 19:56 | Dott_Berlu · age_up castle |
| 20:26 | Donnie Darko · wall_segment Palisade Wall x1 |
| 20:47 | Asking · first_building Monastery |
| 21:26 | Asking · first_building Siege Workshop |
| 21:34 | MrDJM · wall_segment Palisade Wall x1 |
| 21:34 | Simvall · first_market_buy 100 stone |
| 21:35 | MrDJM · wall_segment Palisade Wall x1 |
| 21:50 | Asking · first_building Castle |
| 22:41 | dapao · first_building Monastery |
| 23:40 | dapao · first_building Barracks |
| 24:04 | Donnie Darko · wall_segment Palisade Wall x1 |
| 24:25 | RoR | Vodka_L_ · first_building Siege Workshop |
| 24:33 | RoR | Vodka_L_ · first_building Barracks |
| 24:35 | dapao · first_building Stable |
| 24:47 | Asking · first_market_sell 100 food |
| 26:03 | dapao · first_building Castle |
| 26:13 | RoR | Vodka_L_ · age_up imperial |
| 26:43 | Kokin95 · first_building Siege Workshop |
| 26:57 | Kokin95 · tribute_sent a jugador 1 |
| 26:57 | Kokin95 · tribute_sent a jugador 2 |
| 26:57 | Kokin95 · tribute_sent a jugador 3 |
| 26:57 | Kokin95 · tribute_sent a jugador 4 |
| 26:58 | Kokin95 · tribute_sent a jugador 5 |
| 26:58 | Kokin95 · tribute_sent a jugador 6 |
| 26:58 | Kokin95 · tribute_sent a jugador 8 |
| 27:34 | dapao · age_up imperial |
| 28:06 | Asking · age_up imperial |
| 28:12 | MrDJM · wall_segment Stone Wall x1 |
| 28:20 | dapao · first_building Archery Range |
| 28:23 | RoR | Vodka_L_ · first_building Castle |
| 28:33 | MrDJM · wall_segment Palisade Wall x1 |
| 29:05 | dapao · first_market_sell 100 food |
| 29:33 | Kokin95 · first_market_buy 100 food |
| 29:38 | Simvall · wall_segment Stone Wall x4 |
| 29:41 | Simvall · wall_segment Stone Wall x4 |
| 29:46 | Dott_Berlu · first_building Castle |
| 30:01 | MrDJM · first_building Barracks |
| 30:10 | Simvall · first_market_sell 100 wood |
| 30:15 | RoR | Vodka_L_ · first_building Archery Range |
| 31:36 | Asking · resign |
[ AI ANALYSIS · 1 CREDIT ]
What really happened in this match?
Wolo.gg analyzes every decision: build order, eco, micro, common mistakes by bracket. Personalized analysis on WhatsApp or Discord in 30 seconds.
Civ guide
Persians
Perfil
Jugador #3578523